 Dungeon Crawl Stone Soup version 0.25.1-11-g244df3a29b (webtiles) character file.

Game seed: 10252916961480277890

21301 Froggeryz the Covert (level 12, 0/90 HPs)
             Began as an Octopode Berserker on June 16, 2022.
             Was a High Priest of Trog.
             Succumbed to a black mamba's poison
             ... on level 3 of the Lair of Beasts.
             The game lasted 00:22:02 (18986 turns).

Froggeryz the Covert (Octopode Berserker)          Turns: 18986, Time: 00:22:02

Health: 0/90       AC:  1    Str: 16    XL:     12   Next: 88%
Magic:  15/15      EV: 21    Int: 11    God:    Trog [*****.]
Gold:   1030       SH:  0    Dex: 15    Spells: 11/11 levels left

rFire    . . .     SeeInvis .   E - +1 short sword
rCold    . . .     Gourm    .   (no shield)
rNeg     . . .     Faith    .   (helmet restricted)
rPois    .         Spirit   .   (no amulet)
rElec    .         Reflect  .   r - +4 ring of evasion
rCorr    .         Harm     .   (no ring)
MR       .....                  (no ring)
Stlth    ++++++....             (no ring)
HPRegen  0.25/turn              (no ring)
MPRegen  0.14/turn              (no ring)
                                (no ring)
                                (no ring)

@: lethally poisoned (0 -> -4), berserk cooldown, slowed, very slow
A: almost no armour, stealthy swim, amphibious, 8 rings, constrict 8, camouflage
1, gelatinous body 1
a: Berserk, Trog's Hand, Brothers in Arms, Renounce Religion


You were on level 3 of the Lair of Beasts.
You worshipped Trog.
Trog was extremely pleased with you.
You were very hungry.

You visited 2 branches of the dungeon, and saw 15 of its levels.
You also visited: Ossuary.

You collected 1030 gold pieces.

Inventory:

Hand Weapons
 E - a +1 short sword (weapon)
Missiles
 g - 117 poisoned darts (quivered)
 p - a boomerang of dispersal
 w - 8 silver javelins
 y - 10 boomerangs
 D - 7 javelins
 F - 4 throwing nets
 I - 6 curare-tipped darts
Jewellery
 r - a +4 ring of evasion (left tentacle)
Wands
 x - a wand of disintegration (20)
 G - a wand of flame (6)
 H - a wand of random effects (24)
 J - a wand of acid (17)
Scrolls
 a - a scroll of silence
 c - 3 scrolls of fear
 k - 8 scrolls of remove curse
 l - 2 scrolls of enchant weapon
 m - 4 scrolls of magic mapping
 n - 2 scrolls of blinking
 o - 10 scrolls of teleportation
 B - 2 scrolls of immolation
Potions
 d - a potion of heal wounds
 e - a potion of brilliance {unknown}
 f - 2 potions of berserk rage
 h - 2 potions of resistance
 i - 3 potions of stabbing
 j - 2 potions of haste {unknown}
 s - 3 potions of might {unknown}
 t - 2 potions of magic
 u - 5 potions of lignification {unknown}
 v - 4 potions of flight
 z - 7 potions of curing {unknown}
 A - a potion of mutation {unknown}
 C - a potion of ambrosia {unknown}
Comestibles
 b - 23 rations


   Skills:
 - Level 11.0 Fighting
 - Level 13.0 Short Blades
 - Level 3.3 Throwing
 * Level 6.9 Dodging
 - Level 13.3 Stealth
 + Level 4.5 Evocations


You had 11 spell levels left.
You didn't know any spells.
Your spell library was empty.

Dungeon Overview and Level Annotations

Branches:
Dungeon (11/15)            Temple (0/1) D:6            Lair (4/6) D:9
  Swamp (0/4) Lair:3          Orc (0/2) D:11        Ossuary (visited)
  Snake: Lair:2-4    Spider: Lair:2-4

Altars:
Ashenzari
Cheibriados
Dithmenos
Elyvilon
Gozag
Kikubaaqudgha
Makhleb
Okawaru
Qazlal
Uskayaw
Vehumet
Xom
Yredelemnul
The Shining One

Shops:
D:8 (   D:9 %

Annotations:
D:8 3 runed translucent doors, sirjames's ghost, novice OgWz
D:11 3 runed translucent doors, exclusion: obsidian statue, kate's ghost, journeyman DsFi


Innate Abilities, Weirdness & Mutations

You cannot wear most types of armour.
You are very stealthy in the water. (Stealth+)
You are amphibious.
You can wear up to eight rings at the same time.
You can use your tentacles to constrict eight enemies at once.
Your skin changes colour to match your surroundings (Stealth+).
Your rubbery body absorbs attacks. (AC +1, EV +1)


Message History

You feel your anger nearly subside.
You are no longer berserk.
You are exhausted.
You feel yourself slow down.
You feel sick.
* * * LOW HITPOINT WARNING * * *
You feel very sick.
* * * LOW HITPOINT WARNING * * *
You feel very sick.
* * * LOW HITPOINT WARNING * * *
You feel very sick.
You feel sick.
You feel sick.
You feel the effects of Trog's Hand fading.
You feel sick.
You feel sick.
You feel sick.
Your skin stops crawling.
You feel less resistant to hostile enchantments.
* * * LOW HITPOINT WARNING * * *
You feel sick.
You die...

##### #.## ###
##.#.######
####....
#.####.....#...#
#.......
##.......@.....##
#.......
#.##.P.#.####..#
[......
####.##### ##.#
...... ###
###.#####†....
#.............
###............
#.#.....###....
#.......# ....
##......## ##..


There were no monsters in sight!

Vanquished Creatures
  Snorg (D:10)
  5 hydras
  Harold (Lair:2)
  A two-headed ogre (D:8)
  A manticore (D:11)
  A black mamba (Lair:3)
  3 spiny frogs
  A rime drake (Lair:4)
  3 komodo dragons
  Prince Ribbit (D:8)
  7 hippogriffs
  A spriggan (D:8)
  2 wraiths
  A vampire (D:10)
  2 wyverns
  A hungry ghost (D:8)
  10 yaks
  A basilisk (Lair:1)
  A steam dragon (D:8)
  Menkaure (D:7)
  3 wargs (D:9)
  Edmund (D:4)
  8 water moccasins
  2 porcupines
  2 ice beasts (D:9)
  5 orc warriors
  5 sky beasts
  2 black bears (D:10)
  3 phantoms
  A necrophage (D:8)
  9 ogres
  2 centaurs
  6 crocodiles
  A big kobold (D:11)
  14 bullfrogs
  A wyvern zombie (D:10)
  2 scorpions
  10 wights
  8 killer bees
  6 howler monkeys
  7 electric eels (Lair:3)
  4 crimson imps
  6 jellies
  A centaur zombie (D:3)
  A quasit (D:6)
  4 bullfrog skeletons
  7 orc priests
  10 orc wizards
  3 centaur skeletons
  Jessica (D:2)
  3 iguanas
  15 worker ants
  A hound zombie (D:6)
  A mummy (Ossuary)
  Robin (D:4)
  8 gnolls
  A worker ant zombie (D:6)
  A howler monkey skeleton (D:3)
  11 adders
  An adder zombie (D:8)
  2 oozes
  3 adder skeletons (D:3)
  2 worms
  A dart slug (D:3)
  6 leopard geckos
  32 orcs
  8 bats
  5 giant cockroaches
  14 goblins
  12 hobgoblins
  12 jackals
  13 kobolds
  3 quokkas
  2 frilled lizards
  7 gnoll skeletons (Ossuary)
  2 jackal skeletons (D:3)
  A jackal zombie (D:5)
  8 kobold skeletons (Ossuary)
  2 leopard gecko zombies
  10 orc skeletons (Ossuary)
  2 quokka zombies
  4 rats
  A spectral orc (D:8)
375 creatures vanquished.

Vanquished Creatures (collateral kills)
  An ogre (D:11)
1 creature vanquished.

Vanquished Creatures (others)
  A fungus (Lair:3)
  2 plants (D:8)
3 creatures vanquished.

Grand Total: 379 creatures vanquished

Notes
Turn   | Place    | Note
-------+----------+-------------------------------------------
     0 | D:1      | Froggeryz the Octopode Berserker began the quest for the
                  | Orb.
     0 | D:1      | Reached XP level 1. HP: 16/16 MP: 1/1
    91 | D:1      | Reached XP level 2. HP: 21/21 MP: 2/2
   437 | D:1      | Reached XP level 3. HP: 24/26 MP: 3/3
   633 | D:1      | Reached ** piety under Trog
  1249 | D:2      | Reached skill level 1 in Throwing
  1249 | D:2      | Reached XP level 4. HP: 26/31 MP: 4/4
  1488 | D:2      | Found a shadowy altar of Dithmenos.
  1865 | D:2      | Noticed Jessica
  1869 | D:2      | Killed Jessica
  1869 | D:2      | Reached skill level 5 in Short Blades
  2041 | D:3      | Reached XP level 5. HP: 27/36 MP: 5/5
  2473 | D:3      | Reached XP level 6. HP: 23/42 MP: 6/6
  2614 | D:3      | Reached *** piety under Trog
  2887 | D:3      | Found a shimmering altar of Xom.
  3666 | D:4      | Noticed a phantom
  3668 | D:4      | Noticed Robin
  3691 | D:4      | Killed a phantom
  3691 | D:4      | Reached XP level 7. HP: 46/46 MP: 7/7
  3811 | D:4      | Killed Robin
  3995 | D:4      | Reached skill level 1 in Stealth
  4506 | D:4      | Noticed Edmund
  4532 | D:4      | Killed Edmund
  4596 | D:4      | Found a stormy altar of Qazlal.
  4839 | D:4      | Found a glowing golden altar of the Shining One.
  4953 | D:5      | Entered Level 5 of the Dungeon
  4961 | D:5      | Reached XP level 8. HP: 51/52 MP: 8/8
  5182 | D:5      | Reached skill level 5 in Stealth
  5355 | D:5      | Reached **** piety under Trog
  5994 | D:6      | Found a radiant altar of Vehumet.
  6276 | D:6      | You fall into a shaft and drop 2 floors!
  6276 | D:8      | Found a white marble altar of Elyvilon.
  6284 | D:8      | Reached XP level 9. HP: 47/56 MP: 9/9
  6332 | D:8      | Noticed a two-headed ogre
  6363 | D:8      | Reached skill level 10 in Short Blades
  6944 | D:8      | Found Nysuocos's Weapon Emporium.
  6998 | D:8      | Found a shattered altar of Ashenzari.
  7022 | D:7      | Found a sand-covered staircase.
  7029 | Ossuary  | Entered an ossuary
  7159 | Ossuary  | Reached ***** piety under Trog
  7288 | D:6      | Found an iron altar of Okawaru.
  7567 | D:6      | Found a burning altar of Makhleb.
  7568 | D:6      | Found a snail-covered altar of Cheibriados.
  7568 | D:6      | Found an opulent altar of Gozag.
  7613 | D:6      | Found a staircase to the Ecumenical Temple.
  7792 | D:6      | Reached XP level 10. HP: 65/65 MP: 10/10
  8024 | D:7      | Reached skill level 5 in Fighting
  8033 | D:7      | Noticed Menkaure
  8042 | D:7      | Killed Menkaure
  8142 | D:7      | Reached skill level 10 in Stealth
  8920 | D:8      | Found a basalt altar of Yredelemnul.
  8969 | D:8      | Found an ancient bone altar of Kikubaaqudgha.
  9286 | D:8      | Found a runed translucent gate.
  9286 | D:8      | Found a runed translucent gate.
  9286 | D:8      | Found a runed translucent gate.
  9287 | D:8      | Noticed a nine-headed hydra
  9287 | D:8      | Noticed a ten-headed hydra
  9287 | D:8      | Noticed sirjames's ghost (novice OgWz)
  9428 | D:8      | Killed a two-headed ogre
  9569 | D:8      | Noticed Prince Ribbit
  9583 | D:8      | Killed Prince Ribbit
  9611 | D:9      | Found Jielum's Food Shop.
 10321 | D:9      | Reached XP level 11. HP: 77/77 MP: 11/11
 10488 | D:9      | Identified the cursed +3 lajatang of Tewous {antimagic,
                  | Fragile rC+ rN+ Int+3}
 10489 | D:9      | Found a staircase to the Lair.
 10882 | D:9      | Noticed a +0 hand axe
 10882 | D:9      | Noticed a +0 dagger
 10883 | D:9      | Found a hide-covered altar of Uskayaw.
 11258 | D:10     | Entered Level 10 of the Dungeon
 11267 | D:10     | Received a gift from Trog
 11296 | D:10     | Noticed Snorg
 12497 | D:10     | Killed Snorg
 13227 | D:11     | Found a staircase to the Orcish Mines.
 13598 | D:11     | Noticed a manticore
 14436 | D:11     | Found a runed translucent gate.
 14437 | D:11     | Found a runed translucent gate.
 14437 | D:11     | Found an opulent altar of Gozag.
 14438 | D:11     | Found a runed translucent gate.
 14439 | D:11     | Noticed an obsidian statue
 14439 | D:11     | Noticed a storm dragon
 14440 | D:11     | Noticed kate's ghost (journeyman DsFi)
 14635 | D:11     | Killed a manticore
 14729 | Lair:1   | Entered Level 1 of the Lair of Beasts
 14806 | Lair:1   | Noticed a five-headed hydra
 14832 | Lair:1   | Killed a five-headed hydra
 14832 | Lair:1   | Reached skill level 10 in Fighting
 15011 | Lair:1   | Noticed a four-headed hydra
 15040 | Lair:1   | Killed a four-headed hydra
 15040 | Lair:1   | Reached XP level 12. HP: 38/88 MP: 12/12
 16115 | Lair:2   | Noticed Harold
 16127 | Lair:2   | Killed Harold
 16300 | Lair:2   | You fall into a shaft and drop 2 floors!
 16454 | Lair:4   | Noticed a seven-headed hydra
 16460 | Lair:4   | Killed a seven-headed hydra
 16460 | Lair:4   | Reached skill level 1 in Evocations
 16660 | Lair:4   | Noticed an eight-headed hydra
 16667 | Lair:4   | Killed an eight-headed hydra
 16667 | Lair:4   | Reached skill level 5 in Dodging
 17138 | Lair:3   | Found a staircase to the Swamp.
 17568 | Lair:3   | Noticed a six-headed hydra
 17575 | Lair:3   | Killed a six-headed hydra
 18527 | Lair:3   | HP: 2/90 [yak (6)]
 18978 | Lair:3   | HP: 3/90 [poisoned by a black mamba]
 18983 | Lair:3   | HP: 2/90 [poisoned by a black mamba]
 18986 | Lair:3   | Succumbed to a black mamba's poison

Illustrated notes

Levels and vault maps discovered:
D:1:      giann_forest_graveyard, layout_basic
D:2:      layout_loops_ring, nicolae_overflow_crystal_walls, first_ration,
          uniq_jessica
D:3:      layout_basic, serial_undead, serial_undead_a, serial_undead_c,
          serial_undead_e, serial_undead_c, serial_undead_d, xom_teletrap_fun
D:4:      layout_basic, nicolae_tso_carved_into_rock,
          nicolae_qazlal_general_emergency, kennysheep_generic_room_7,
          uniq_robin, uniq_edmund
D:5:      layout_loops_ring
D:6:      layout_rooms, kennysheep_mini,
          chequers_temple_overflow_statue_of_worship, minmay_temple_entry_ruins,
          serial_park_tiny_1, minmay_joined_circles
D:7:      layout_cave_pools, lightli_ossuary_entry_decrepit_ruins, uniq_menkaure
D:8:      layout_loops_cross, yredelemnul_forgotten_temple_becter,
          elyvilon_altar_5, nicolae_ashenzari_panopticon, lemuel_round_altar,
          gammafunk_ghost_hydra_chop, serial_shops, shop_statue, the_bakery,
          uniq_prince_ribbit1
D:9:      layout_irregular_city, dancing_weapons_uskayaw,
          erik_lair_orcish_takeover, serial_shops,
          nicolae_shop_temple_entry_statues_fountains
D:10:     layout_basic, uniq_snorg
D:11:     layout_basic, orc_0_dummy, ebering_ghost_gozag
Lair:1:   layout_gridlike, st_stairs_4, nicolae_quartered_pool_little
Lair:2:   beast_lair_carwin_large_4, layout_cave_pods, spider_nest_entry_rubble,
          serial_bayou_shore_a, uniq_harold
Lair:3:   layout_cave_pods, minmay_swamp_entry_eels, grunt_megastairs_3
Lair:4:   layout_roguey

Skill      XL: |  1  2  3  4  5  6  7  8  9 10 11 12 |
---------------+-------------------------------------+-----
Short Blades   | 4 5 6 8 9 11 12 13 | 13.0
Throwing       | 1 2 3 |  3.3
Stealth        | 3 7 9 11 12 13 | 13.3
Fighting       | 4 7 10 11 | 11.0
Evocations     | 4 |  4.5
Dodging        | 6 |  6.9

Action                   |  1- 3 |  4- 6 |  7- 9 | 10-12 || total
-------------------------+-------+-------+-------+-------++-------
Melee: Short sword       |    82 |   146 |   355 |   733 ||  1316
       Constrict         |    23 |    30 |    72 |    69 ||   194
       Tentacles         |    18 |    25 |    79 |   174 ||   296
Throw: Dart              |       |       |     4 |    15 ||    19
Invok: Berserk           |       |     2 |     8 |    14 ||    24
       Trog's Hand       |       |     1 |     1 |     3 ||     5
       Brothers in Arms  |       |       |       |     1 ||     1
Evoke: Wand              |       |       |       |    17 ||    17
  Use: Scroll            |       |     4 |     6 |    15 ||    25
       Potion            |       |       |       |     2 ||     2
 Stab: Sleeping          |    10 |     3 |    17 |    51 ||    81
       Distracted        |     1 |       |     1 |     3 ||     5
  Eat: Chunk             |     1 |     9 |    18 |    38 ||    66
       Ration            |       |       |     1 |     3 ||     4
Armor: Skin              |     7 |     7 |     8 |     8 ||    30
Dodge: Dodged            |    43 |    83 |   173 |   391 ||   690
